 Dungeon Crawl Stone Soup version 0.21-a0-125-gb006224 (webtiles) character file.

203 4thArraOfDagon the Digger (level 5, -6/38 HPs)
             Began as a Demigod Earth Elementalist on July 14, 2017.
             Killed by a distortion unwield (39 damage)
             ... on level 5 of the Dungeon.
             The game lasted 00:06:25 (1382 turns).

4thArraOfDagon the Digger (DgEE)                    Turns: 1382, Time: 00:06:26

Health: -6/38      AC:  3    Str: 11    XL:     5   Next: 26%
Magic:  10/10      EV: 12    Int: 21    God:
Gold:   121        SH:  0    Dex: 16    Spells: 1/7 levels left

rFire    . . .     SeeInvis .   (no weapon)
rCold    . . .     Gourm    +   (no shield)
rNeg     . . .     Faith    .   c - +0 robe
rPois    .         Spirit   .   (no helmet)
rElec    .         Reflect  .   (no cloak)
rCorr    .         Harm     .   (no gloves)
MR       .....                  p - +0 pair of boots
Stlth    ++........             j - amulet of the gourmand
HPRegen  0.12/turn              h - ring of wizardry
MPRegen  0.12/turn              (no ring)

@: no status effects
A: high mp 1
a: no special abilities


You were on level 5 of the Dungeon.
You were not hungry.

You visited 1 branch of the dungeon, and saw 5 of its levels.

You collected 121 gold pieces.

Inventory:

Hand Weapons
 f - a +0 short sword
 m - a +1 hand axe of distortion
Missiles
 b - 100 stones (quivered)
Armour
 c - a +0 robe (worn)
 p - a +0 pair of boots (worn)
Jewellery
 g - an uncursed amulet of faith
 h - a ring of wizardry (left hand)
 j - an amulet of the gourmand (around neck)
Scrolls
 l - a scroll of enchant armour {unknown}
 n - a scroll of remove curse {unknown}
 q - a scroll of identify {unknown}
 r - a scroll of teleportation {unknown}
Potions
 i - a potion of flight {unknown}
 o - a potion of agility {unknown}
 s - a potion of curing {unknown}
Books
 e - a book of Geomancy

   Spells                             Type                      Level
   a - Sandblast                      Earth                        1
   b - Passwall                       Transmutation/Earth          2
   c - Stone Arrow                    Conjuration/Earth            3
   d - Petrify                        Transmutation/Earth          4
   e - Lee's Rapid Deconstruction     Earth                        5
Comestibles
 a - 2 royal jellies
 d - 2 bread rations
 k - 4 fruits
 t - a meat ration


   Skills:
 - Level 1.7 Dodging
 - Level 1.7 Stealth
 + Level 1.9 Spellcasting
   Level 0.8 Transmutations
 * Level 5.6 Earth Magic


You had one spell level left.
You knew the following spells:

 Your Spells              Type           Power        Failure   Level  Hunger
a - Sandblast             Erth           ####..       1%          1    #......
b - Lee's Rapid Deconstr  Erth           ####......   16%         5    ######.


Dungeon Overview and Level Annotations

Branches:
Dungeon (5/15)
 Temple: D:4-7

Shops:
D:4 (!


Innate Abilities, Weirdness & Mutations

You have an increased reservoir of magic. (+10% MP)


Message History

Confirm with . or Enter, or press ? or * to list all spells.
You can't see any susceptible monsters within range! (Use Z to cast anyway.) Unknown command.
Unknown command.
You start resting.
Magic restored.
Unknown command.
You start resting.
Unknown command.
Found a meat ration.
Things that are here:
an iguana corpse; a giant cockroach corpse You now have 121 gold pieces (gained 10).
t - a meat ration A gnoll comes into view.
It is wielding a spear.
Wield which item (- for none, * to show all)? (? for menu, Esc to quit)
Really unwield
m - a +1 hand axe of distortion?
You are crushed and pinned by an extremely strong localised spatial distortion!
Ouch! That really hurt!
You die...

#####...
#########.......
.g######...........#...
.#.........#########...
..#######.# #... .. #.#
#... #.#######.# #...
#.#.....#.# #...
#.#.#@#.#.# #...
#...#.#...# #...
#####.##### ##... #.#
#.... #.# # #.##. ...
#. #.### ##.
######.##### #.#
#..##..........####.#
#...<............#.##


There were no monsters in sight!

Vanquished Creatures
  A scorpion (D:4)
  2 hounds
  2 iguanas
  2 adders
  A leopard gecko (D:4)
  A bat (D:2)
  3 giant cockroaches
  2 jackals (D:1)
  3 quokkas
  A frilled lizard (D:4)
  2 goblins
  2 kobolds
  2 rats
24 creatures vanquished.

Notes
Turn   | Place    | Note
-------+----------+-------------------------------------------
     0 | D:1      | 4thArraOfDagon the Demigod Earth Elementalist began the quest for the Orb.
     0 | D:1      | Reached XP level 1. HP: 14/14 MP: 5/5
   141 | D:2      | Reached skill level 3 in Earth Magic
   266 | D:2      | Reached XP level 2. HP: 13/20 MP: 2/7
   542 | D:3      | Reached skill level 4 in Earth Magic
   542 | D:3      | Reached XP level 3. HP: 20/26 MP: 5/8
   646 | D:3      | Ladykiller69: ayy
   706 | D:4      | Reached XP level 4. HP: 33/33 MP: 6/9
   719 | D:4      | Found a bloodstained altar of Trog.
   758 | D:4      | Found a bloodstained altar of Trog.
   774 | D:5      | Entered Level 5 of the Dungeon
   774 | D:5      | Noticed an ice beast
   800 | D:4      | Found Futielu's Weapon Shop.
   805 | D:4      | Reached skill level 5 in Earth Magic
   830 | D:4      | Found Yjoehe's Distillery.
   849 | D:4      | Reached XP level 5. HP: 11/38 MP: 0/10
  1042 | D:4      | Learned a level 5 spell: Lee's Rapid Deconstruction
  1382 | D:5      | Killed by a distortion unwield

Vault maps used:
D:1:      dpeg_arrival_rooms_with_view
D:2:      first_bread, serial_bayou_ford_a, uniq_robin
D:4:      overflow_temple_1_default, serial_shops, shop,
          nicolae_shop_behind_doors, bloody_trog
D:5:      minmay_misc_feat_ornament

Skill      XL: |  1  2  3  4 |
---------------+-------------+-----
Earth Magic    | 3 4 5 |  5.6
Dodging        | |  1.7
Stealth        | |  1.7
Spellcasting   | |  1.9
Transmutations | |  0.8

Action                   |  1- 3 |  4- 6 || total
-------------------------+-------+-------++-------
Melee: Short sword       |    38 |       ||    38
       Hand axe          |       |     5 ||     5
 Cast: Sandblast         |    13 |    19 ||    32
 Stab: Sleeping          |     1 |     1 ||     2
  Eat: Chunk             |     2 |     5 ||     7
Armor: Robe              |    11 |     5 ||    16
Dodge: Dodged            |    27 |     9 ||    36
